AoeStats
← Faviid

Arena

505146032Analyzed
4v4 RM · 23d ago on Sep 8, 2026· 37m 47s· 8 players
Game mode
Random Map
Map size
Large (8 player)
Population
200
Speed
Normal
Resources
Standard
Victory
Conquest
Starting age
Dark Age
Ending age
Imperial Age
RankedLock teamsTeams togetherTeam positionsShared explorationLock speedFull tech treeHidden civsTurbo modeCheats
Victory
Defeat
🇧🇷 Persians · Brazil
1013
+11
🇯🇵 Khmer · Japan
953
+14
🇲🇽 Spanish · Mexico
943
+14
🇺🇸 Goths · United States
850
+19
🇩🇪 Spanish · Germany
982
-34
🇩🇪 Huns · Germany
943
-16
🇩🇪 Persians · Germany
938
-16
🇩🇪 Mongols · Germany
736
-8
magioto
0:40 Loom
10:30 Feudal Age
11:47 Double-Bit Axe
12:11 Horse Collar
18:05 Castle Age
16:05 Stone Mining
16:50 Gold Mining
17:39 Fletching
21:27 Bow Saw
25:50 Bodkin Arrow
32:43 Padded Archer Armor
32:52 Husbandry
35:23 Caravan
35:59 Leather Archer Armor
36:42 Redemption
Friedeggplant
1:14 Loom
16:45 Feudal Age
17:42 Double-Bit Axe
17:40 Horse Collar
18:39 Wheelbarrow
17:52 Town Watch
18:31 Gold Mining
22:04 Castle Age
22:07 Stone Mining
22:56 Bow Saw
22:58 Heavy Plow
23:18 Squires
22:49 Man-at-Arms
25:33 Stone Shaft Mining
24:59 Long Swordsman
25:41 Pikeman
28:29 Forging
28:30 Scale Mail Armor
28:51 Fletching
37:26 Hand Cart
Led
10:18 Feudal Age
14:56 Castle Age
13:20 Horse Collar
14:58 Double-Bit Axe
16:16 Bow Saw
21:29 Wheelbarrow
21:05 Gold Mining
21:52 Stone Mining
24:09 Heavy Plow
25:08 Hand Cart
24:44 Town Watch
26:01 Stone Shaft Mining
29:52 Imperial Age
28:11 Scale Barding Armor
28:18 Bloodlines
28:09 Husbandry
28:24 Forging
28:38 Loom
28:55 Town Patrol
29:44 Gold Shaft Mining
29:59 Elite War Elephant
31:15 Iron Casting
31:51 Crop Rotation
33:17 Two-Man Saw
32:54 Conscription
34:25 Hoardings
34:51 Citadels
HD
4:55 Loom
11:23 Feudal Age
16:17 Castle Age
16:13 Double-Bit Axe
16:34 Horse Collar
24:48 Wheelbarrow
25:40 Gold Mining
25:44 Stone Mining
26:07 Bow Saw
25:59 Heavy Plow
26:45 Hand Cart
30:00 Imperial Age
30:04 Scale Barding Armor
30:10 Forging
30:49 Ballistics
30:35 Husbandry
30:45 Bloodlines
30:06 Elite Battle Elephant
31:12 Chain Barding Armor
31:40 Gold Shaft Mining
31:48 Stone Shaft Mining
32:42 Iron Casting
33:11 Plate Barding Armor
35:14 Blast Furnace
36:29 Tusk Swords
36:50 Conscription
Faviid
9:53 Feudal Age
13:26 Castle Age
12:58 Double-Bit Axe
19:24 Stone Mining
22:19 Wheelbarrow
23:46 Stone Shaft Mining
23:04 Gold Mining
28:58 Fletching
29:08 Padded Archer Armor
30:41 Gold Shaft Mining
32:41 Hand Cart
32:50 Hand Cart
33:20 Bow Saw
35:54 Imperial Age
[RBG] | DuCtRiXx
11:25 Feudal Age
12:50 Wheelbarrow
15:32 Horse Collar
17:31 Double-Bit Axe
21:34 Castle Age
20:19 Forging
20:19 Padded Archer Armor
25:31 Iron Casting
29:57 Bow Saw
^knowing.
5:09 Loom
9:09 Feudal Age
10:50 Wheelbarrow
17:09 Castle Age
15:54 Double-Bit Axe
15:52 Horse Collar
21:09 Hand Cart
22:53 Pikeman
24:17 Parthian Tactics
27:46 Husbandry
27:58 Bloodlines
35:04 Scale Barding Armor
35:09 Forging
eXacT
11:17 Feudal Age
16:11 Castle Age
14:24 Double-Bit Axe
15:29 Scale Barding Armor
15:33 Horse Collar
16:16 Forging
18:36 Husbandry
22:01 Loom
24:40 Iron Casting
24:44 Bow Saw
24:37 Gold Mining
25:16 Bloodlines
26:32 Stone Mining
27:54 Chain Barding Armor
28:53 Wheelbarrow
31:06 Hand Cart
31:13 Light Cavalry
39:04 Imperial Age
36:49 Marauders
38:11 Gold Shaft Mining
Connection lost

Rejoining the realm…

Still unreachable

The connection could not be restored.

Session expired

The server has moved on; the page needs a fresh start.